AoeStats
← 76896859

Arabia

505298501Analyzed
4v4 RM · 23d ago on Sep 8, 2026· 49m 13s· 8 players
Game mode
Random Map
Map size
Large (8 player)
Population
200
Speed
Normal
Resources
Standard
Victory
Conquest
Starting age
Dark Age
Ending age
Imperial Age
RankedLock teamsTeams togetherTeam positionsShared explorationLock speedFull tech treeHidden civsTurbo modeCheats
Victory
Defeat
🇳🇱 Vietnamese · Netherlands
1039
+15
🇳🇱 Burgundians · Netherlands
1021
+16
🇳🇱 Persians · Netherlands
1015
+16
🇳🇱 Dravidians · Netherlands
1004
+17
🇸🇰 Dravidians · Slovakia
1047
-16
🇵🇸 Vikings · Palestinian Territories
1034
-17
🇨🇳 Huns · China
1011
-16
🇨🇱 Magyars · Chile
998
-15
guachalin
2:57 Loom
11:25 Feudal Age
22:52 Horse Collar
27:05 Castle Age
26:08 Bloodlines
27:45 Town Watch
28:09 Scale Barding Armor
33:13 Crossbowman
41:01 Wheelbarrow
41:27 Gold Mining
44:18 Chain Barding Armor
50:11 Imperial Age
Man
0:31 Loom
11:39 Feudal Age
13:22 Double-Bit Axe
15:16 Horse Collar
23:43 Castle Age
23:37 Gold Mining
23:37 Stone Mining
26:16 Fletching
26:27 Padded Archer Armor
27:12 Gambesons
27:28 Squires
33:18 Forging
33:09 Scale Mail Armor
34:19 Arson
34:15 Pikeman
35:13 Bodkin Arrow
39:28 Chieftains
40:13 Iron Casting
39:53 Chain Mail Armor
40:34 Man-at-Arms
41:31 Chain Mail Armor
41:51 Heavy Plow
41:39 Elite Skirmisher
47:01 Leather Archer Armor
Kebab do ruky
11:16 Feudal Age
11:23 Loom
18:06 Horse Collar
23:39 Castle Age
24:25 Pikeman
25:36 Forging
25:38 Heavy Plow
27:30 Iron Casting
27:56 Town Watch
28:17 Scale Mail Armor
29:29 Husbandry
29:43 Squires
29:38 Double-Bit Axe
34:43 Imperial Age
32:41 Fletching
33:29 Bodkin Arrow
34:55 Padded Archer Armor
35:19 Halberdier
36:17 Chain Mail Armor
37:42 Wheelbarrow
37:57 Conscription
38:35 Thumb Ring
38:56 Leather Archer Armor
39:19 Arson
40:43 Ring Archer Armor
40:44 Plate Mail Armor
41:09 Bracer
42:10 Blast Furnace
42:01 Elite Skirmisher
44:19 Medical Corps
44:39 Elite Elephant Archer
76896859
4:12 Loom
12:50 Feudal Age
17:27 Castle Age
15:35 Double-Bit Axe
16:22 Horse Collar
17:50 Bloodlines
19:16 Wheelbarrow
18:46 Heavy Plow
19:58 Gold Mining
21:15 Wheelbarrow
22:49 Bow Saw
23:40 Scale Barding Armor
27:49 Gold Mining
29:27 Forging
30:44 Husbandry
32:38 Iron Casting
34:13 Chain Barding Armor
38:29 Iron Casting
39:01 Town Watch
41:10 Hand Cart
45:23 Imperial Age
43:22 Pikeman
44:03 Squires
44:06 Scale Mail Armor
43:49 Light Cavalry
45:11 Chain Mail Armor
45:33 Cavalier
47:51 Plate Barding Armor
50:01 Blast Furnace
DS
7:47 Loom
10:35 Feudal Age
11:21 Double-Bit Axe
14:07 Fletching
15:18 Horse Collar
18:18 Wheelbarrow
18:03 Town Watch
19:17 Stone Mining
22:54 Castle Age
20:52 Arson
23:26 Crossbowman
24:12 Thumb Ring
24:04 Elite Skirmisher
24:46 Bodkin Arrow
25:49 Padded Archer Armor
27:47 Bow Saw
28:35 Heavy Plow
29:35 Squires
30:33 Scale Mail Armor
31:18 Hand Cart
33:25 Town Patrol
33:45 Murder Holes
34:19 Treadmill Crane
36:17 Ballistics
39:26 Imperial Age
39:33 Leather Archer Armor
41:10 Chemistry
39:48 Imperial Skirmisher
41:10 Arbalester
43:55 Bracer
44:26 Ring Archer Armor
44:13 Chain Mail Armor
45:50 Two-Man Saw
48:47 Gold Mining
49:02 Caravan
49:33 Coinage
49:14 Guilds
DGGMaster
5:52 Loom
9:49 Feudal Age
11:13 Double-Bit Axe
11:13 Man-at-Arms
12:29 Town Watch
13:56 Horse Collar
25:27 Castle Age
23:28 Arson
27:04 Heavy Plow
27:18 Squires
27:05 Gambesons
28:01 Bow Saw
28:19 Long Swordsman
29:42 Fletching
29:35 Elite Skirmisher
33:40 Pikeman
35:40 Bodkin Arrow
36:38 Ballistics
37:09 Town Patrol
41:05 Forging
45:05 Imperial Age
43:13 Wheelbarrow
45:59 Iron Casting
46:20 Conscription
46:09 Medical Corps
45:33 Imperial Skirmisher
46:10 Halberdier
47:51 Bracer
50:05 Chemistry
bluemaster
10:01 Feudal Age
8:18 Loom
8:49 Double-Bit Axe
9:22 Horse Collar
20:28 Castle Age
18:38 Gold Mining
18:59 Heavy Plow
19:35 Bow Saw
20:36 Gold Shaft Mining
20:18 Scale Barding Armor
20:50 Cavalier
22:04 Chain Barding Armor
22:55 Husbandry
24:24 Stone Mining
26:02 Wheelbarrow
26:15 Forging
26:50 Town Watch
27:32 Squires
29:01 Pikeman
31:20 Iron Casting
32:06 Town Patrol
35:03 Imperial Age
33:03 Scale Mail Armor
33:55 Hand Cart
34:25 Padded Archer Armor
37:05 Chemistry
36:51 Conscription
35:54 Paladin
37:44 Plate Barding Armor
38:42 Ballistics
38:16 Fletching
38:42 Leather Archer Armor
39:34 Burgundian Vineyards
38:50 Light Cavalry
39:51 Bodkin Arrow
40:20 Elite Skirmisher
40:25 Hussar
41:50 Imperial Skirmisher
44:26 Halberdier
47:38 Blast Furnace
46:38 Bracer
46:54 Chain Mail Armor
48:46 Two-Man Saw
TomatoMaster
2:02 Loom
9:59 Feudal Age
10:33 Double-Bit Axe
10:57 Horse Collar
21:08 Castle Age
21:13 Bloodlines
21:44 Husbandry
23:23 Stone Mining
23:36 Heavy Plow
23:52 Bow Saw
25:10 Forging
30:24 Wheelbarrow
29:40 Town Watch
31:32 Gold Mining
33:34 Hand Cart
38:03 Imperial Age
35:00 Pikeman
35:40 Squires
35:49 Thumb Ring
35:04 Elite Skirmisher
35:51 Kamandaran
36:32 Fletching
36:43 Padded Archer Armor
37:19 Iron Casting
36:45 Scale Mail Armor
36:43 Crossbowman
37:26 Arson
38:16 Leather Archer Armor
37:56 Bodkin Arrow
38:24 Ballistics
38:18 Masonry
38:44 Conscription
37:59 Imperial Skirmisher
38:06 Halberdier
40:39 Two-Man Saw
40:53 Chemistry
43:03 Architecture
42:29 Murder Holes
46:20 Ring Archer Armor
46:51 Blast Furnace
46:06 Chain Mail Armor
47:34 Crop Rotation
47:03 Cavalier
48:22 Savar
49:13 Scale Barding Armor
Connection lost

Rejoining the realm…

Still unreachable

The connection could not be restored.

Session expired

The server has moved on; the page needs a fresh start.